 Dungeon Crawl Stone Soup version 0.25-a0-1133-g93ebf739aa (webtiles) character file.

Game seed: 3699937551084667923, levelgen mode: deterministic

92784 Annonymus the Blocker (level 16, -7/107 HPs)
             Began as a Gargoyle Fighter on May 21, 2020.
             Was the Champion of Qazlal.
             Mangled by a wolf spider (9 damage)
             ... on level 1 of the Spider Nest.
             The game lasted 02:38:35 (16803 turns).

Annonymus the Blocker (Gargoyle Fighter)           Turns: 16803, Time: 02:38:35

Health: -7/107     AC: 28    Str: 32    XL:     16   Next: 6%
Magic:  15/21      EV:  5    Int: 11    God:    Qazlal [******]
Gold:   1638       SH:  0    Dex: 11    Spells: 15/15 levels left

rFire    . . .     SeeInvis .   w - +5 trident "Z" {drain, Int+3 Dex+4}
rCold    + . .     Gourm    .   R - +10 tower shield of Ignorance {rN+ Int-4}
rNeg     + + .     Faith    .   F - +0 steam dragon scales
rPois    ∞         Spirit   .   Q - +0 hat
rElec    +         Reflect  .   (no cloak)
rCorr    +         Harm     .   I - +0 pair of gloves
MR       +++..                  L - +2 pair of boots
Stlth    +.........             n - amulet of regeneration
HPRegen  0.67/turn              P - +6 ring of strength
MPRegen  0.17/turn              S - ring "Jeehen" {*Slow MR++ rCorr Int+2}

@: protected from physical damage, held, repel missiles
A: big wings, claws 1, horns 1, clumsy 1, cold resistance 1, negative energy
resistance 1, electricity resistance, unbreathing, petrification resistance, no
potion heal 1, rot immunity, subdued magic 2, AC +12
a: Fly, Upheaval, Elemental Force, Disaster Area, Renounce Religion


You were on level 1 of the Spider Nest.
You worshipped Qazlal.
Qazlal was exalted by your worship.
You were hungry.

You visited 6 branches of the dungeon, and saw 20 of its levels.

You collected 1638 gold pieces.

Inventory:

Hand Weapons
 w - the +5 trident "Z" (weapon) {drain, Int+3 Dex+4}
   (You found it on level 4 of the Dungeon)

   A truly terrible weapon, it drains the life of those it strikes.
   It affects your intelligence (+3).
   It affects your dexterity (+4).
Missiles
 d - 617 stones (quivered)
 v - 15 boomerangs
 U - 3 throwing nets
Armour
 b - a +0 scale mail
 c - a +0 kite shield
 t - the +7 chain mail "Muaciali" {Regen+ Int+2, unknown}
   (You found it on level 6 of the Lair of Beasts)

   It affects your intelligence (+2).
   It increases your rate of regeneration.
 F - +0 steam dragon scales (worn)
 I - a +0 pair of gloves (worn)
 L - a +2 pair of boots (worn)
 Q - a +0 hat (worn)
 R - the +10 tower shield of Ignorance (worn) {rN+ Int-4}
   (You found it on level 2 of the Lair of Beasts)

   It affects your intelligence (-4).
   It protects you from negative energy.
Jewellery
 e - an uncursed amulet of the acrobat
 n - an amulet of regeneration (around neck)
 p - a +4 ring of evasion
 x - a +6 ring of dexterity
 M - an uncursed ring of fire
 P - a +6 ring of strength (left hand)
 S - the ring "Jeehen" (right hand) {*Slow MR++ rCorr Int+2}
   (You found it on level 2 of the Lair of Beasts)

   [ring of resist corrosion]

   It affects your intelligence (+2).
   It affects your resistance to hostile enchantments.
   It provides partial protection from all sources of acid and corrosion.
   It may slow you when you take damage.
Wands
 a - a wand of clouds (4)
 h - a wand of random effects (43)
 A - a wand of disintegration (19)
 B - a wand of paralysis (21)
 H - a wand of polymorph (19)
 K - a wand of iceblast (15)
 O - a wand of digging (12)
Scrolls
 g - 3 scrolls of enchant weapon
 i - 7 scrolls of teleportation
 l - a scroll of fog
 m - 10 scrolls of remove curse
 q - a scroll of blinking
 u - a scroll of magic mapping {unknown}
 y - 6 scrolls of identify
 E - 3 scrolls of amnesia
 G - 2 scrolls of fear {unknown}
 J - a scroll of summoning
 T - 2 scrolls of noise {unknown}
 V - a scroll of enchant armour {unknown}
Potions
 j - 3 potions of brilliance
 k - a potion of haste
 o - 3 potions of flight
 r - 2 potions of heal wounds
 s - 9 potions of curing
 C - 3 potions of berserk rage
 D - 5 potions of might
 N - 2 potions of cancellation
Miscellaneous
 z - a phial of floods
Comestibles
 f - 35 rations


   Skills:
 + Level 14.5 Fighting
   Level 3.1 Maces & Flails
 + Level 12.0 Polearms
 + Level 14.5 Armour
 + Level 14.6 Shields
 + Level 7.4 Invocations


You had 15 spell levels left.
You didn't know any spells.
Your spell library contained the following spells:

 Spells                   Type           Power        Failure   Level  Hunger
 Animate Skeleton         Necr           N/A          73%         1    ##.....
 Apportation              Tloc           #.....       73%         1    ##.....
 Beastly Appendage        Tmut           #.....       73%         1    ##.....
 Corona                   Hex            #......      73%         1    ##.....
 Freeze                   Ice            #...         73%         1    ##.....
 Magic Dart               Conj           #...         73%         1    ##.....
 Pain                     Necr           #...         73%         1    ##.....
 Summon Small Mammal      Summ           #...         73%         1    ##.....
 Blink                    Tloc           N/A          86%         2    ###....
 Call Imp                 Summ           #.......     86%         2    ###....
 Passwall                 Tmut/Erth      #.......     86%         2    ###....
 Searing Ray              Conj           #.....       86%         2    ###....
 Slow                     Hex            #.......     86%         2    ###....
 Swiftness                Chrm/Air       #.......     86%         2    ###....
 Conjure Flame            Conj/Fire      #.......     98%         3    ####...
 Dazzling Flash           Conj/Hex       #.....       98%         3    ####...
 Frozen Ramparts          Ice            #.....       98%         3    ####...
 Mephitic Cloud           Conj/Pois/Air  #.......     98%         3    ####...
 Ozocubu's Armour         Chrm/Ice       #.......     98%         3    ####...
 Vampiric Draining        Necr           #.........   98%         3    ####...
 Animate Dead             Necr           N/A          100%        4    #####..
 Fulminant Prism          Conj/Hex       #.........   100%        4    #####..
 Hailstorm                Conj/Ice       #.......     100%        4    #####..
 Iskenderun's Mystic Bla  Conj/Tloc      #.......     100%        4    #####..
 Passage of Golubria      Tloc           N/A          100%        4    #####..
 Petrify                  Tmut/Erth      #.......     100%        4    #####..
 Summon Ice Beast         Ice/Summ       #.......     100%        4    #####..
 Agony                    Necr           #.......     100%        5    ######.
 Fireball                 Conj/Fire      #.........   100%        5    ######.
 Lee's Rapid Deconstruct  Erth           #.........   100%        5    ######.
 Darkness                 Hex            #.........   100%        6    #######
 Freezing Cloud           Conj/Ice/Air   #.........   100%        6    #######
 Invisibility             Hex            #.......     100%        6    #######


Dungeon Overview and Level Annotations

Branches:
Dungeon (9/15)             Temple (1/1) D:5            Lair (6/6) D:9
 Shoals (2/4) Lair:4       Spider (1/4) Lair:2        Slime (1/5) Lair:5
    Orc: D:9-12

Altars:
Ashenzari
Cheibriados
Dithmenos
Elyvilon
Fedhas
Gozag
Hepliaklqana
Kikubaaqudgha
Makhleb
Nemelex Xobeh
Okawaru
Qazlal
Ru
Sif Muna
Trog
Uskayaw
Vehumet
Wu Jian
Xom
Yredelemnul
Zin
The Shining One

Annotations:
Lair:5 Quroheng's ghost, journeyman VSWn


Innate Abilities, Weirdness & Mutations

You are resistant to torment.
Your stone body is resilient. (AC +12)
You are immune to poison.
Your large and strong wings let you fly indefinitely.
You resist negative energy. (rN+)
You are resistant to electric shocks. (rElec)
You can survive without breathing.
You are immune to petrification.
You are immune to rotting.
You have sharp fingernails.
You have a pair of small horns on your head.
You are clumsy. (Dex -2)
Your flesh is cold resistant. (rC+)
Potions are less effective at restoring your health.
Your spells are easier to cast, but less powerful.


Message History

The redback is engulfed in noxious fumes.
The redback bites you but does no damage.
The wolf spider hits you but does no damage.
The wolf spider bites you but does no damage.
The wolf spider is engulfed in noxious fumes. x2
The wolf spider appears confused.
The wolf spider barely misses you. The wolf spider bites you.
* * * LOW HITPOINT WARNING * * *
The wolf spider is engulfed in noxious fumes.
The wolf spider hits you but does no damage.
The wolf spider bites you but does no damage.
Clouds arounds you coalesce and take form!
The wolf spider hits you but does no damage.
The wolf spider bites you!
* * * LOW HITPOINT WARNING * * *
The redback is engulfed in noxious fumes.
The redback appears confused.
The redback bites you!
* * * LOW HITPOINT WARNING * * *
The wolf spider hits you!
You die...

#.....°$.
...( ...
.#... ....
........
.#..#
s...E.##§§.##
#s#E.§§§§..#
#E°s☼.§§.#
#E§ss○§..##
#s@s..s...
#§#s#..... #s
○E. .#. .#
E..# .. ..#..
.#. ......
... ....#..
°. s .... ≈.


You could see 5 wolf spiders, an orb spider, 3 jumping spiders, a redback
(confused), a friendly earth elemental (summoned) and 5 friendly air elementals.

Vanquished Creatures
  Gastronok (Lair:2)
  2 krakens (Shoals:1)
  2 entropy weavers (Lair:6)
  Snorg (Lair:5)
  Erolcha (D:9)
  2 merfolk impalers
  4 hydras
  2 merfolk avatars
  A queen ant (Lair:6)
  4 sea snakes
  A lindwurm (Lair:5)
  8 harpies
  A wolf spider (Spider:1)
  3 shining eyes (Slime:1)
  2 cyclopes (Shoals:2)
  2 manticores
  8 elephants
  A moth of wrath (Lair:5)
  12 fauns (Shoals:1)
  3 black mambas
  4 merfolk sirens
  A torpor snail (Lair:4)
  A water nymph (Shoals:1)
  26 spiny frogs
  Maggie (D:9)
  6 komodo dragons
  A queen bee (Lair:2)
  A jumping spider (Spider:1)
  4 tyrant leeches (Lair:6)
  A wind drake (Shoals:1)
  7 merfolk
  Grinder (D:4)
  20 blink frogs
  7 dream sheep (Shoals:2)
  13 hippogriffs
  7 snapping turtles
  19 slime creatures
  A tarantella (Spider:1)
  3 spriggans
  2 water elementals (Shoals:2)
  22 yaks
  4 basilisks
  3 wyverns (Lair:2)
  6 vampire mosquitoes
  6 water moccasins
  4 soldier ants
  Duvessa (D:7)
  2 black bears (D:9)
  12 porcupines
  5 ogres
  10 ice beasts
  3 orc warriors
  3 phantoms
  5 centaurs
  8 wolves
  6 crocodiles
  A big kobold (D:7)
  23 bullfrogs
  3 scorpions
  Dowan (D:7)
  29 killer bees
  4 wights (D:8)
  3 electric eels
  6 crimson imps
  A centaur zombie (D:9)
  7 jellies
  3 bullfrog zombies
  2 centaur skeletons
  A quasit (D:6)
  An orc priest (D:3)
  3 hounds
  2 orc wizards
  2 bullfrog skeletons
  3 iguanas (D:7)
  Natasha (D:4)
  22 worker ants
  2 hell rats (Lair:2)
  2 hound skeletons (D:6)
  2 adders
  4 gnolls (D:3)
  A river rat (Lair:2)
  3 shadow imps
  4 oozes
  An adder zombie (D:8)
  3 worms
  7 leopard geckos
  23 orcs
  6 giant cockroaches
  6 hobgoblins
  11 jackals
  6 kobolds
  5 quokkas
  4 bats
  2 frilled lizards
  6 goblins
  3 quokka skeletons
  7 rats
  2 butterflies
  3 plants
  7 tentacles (Shoals:1)
525 creatures vanquished.

Vanquished Creatures (collateral kills)
  A redback (Spider:1)
1 creature vanquished.

Vanquished Creatures (others)
  A komodo dragon (Lair:5)
  17 fungi
  23 plants
  14 tentacles (Shoals:1)
55 creatures vanquished.

Grand Total: 581 creatures vanquished

Notes
Turn   | Place    | Note
-------+----------+-------------------------------------------
     0 | D:1      | Annonymus the Gargoyle Fighter began the quest for the Orb.
     0 | D:1      | Reached XP level 1. HP: 14/14 MP: 1/1
   173 | D:1      | Reached XP level 2. HP: 19/19 MP: 2/2
  1012 | D:2      | Reached XP level 3. HP: 18/24 MP: 3/3
  1557 | D:2      | You fall into a shaft and drop 1 floor!
  1557 | D:3      | Found a shimmering blue altar of Sif Muna.
  1558 | D:3      | Found a stormy altar of Qazlal.
  1571 | D:3      | Became a worshipper of Qazlal Stormbringer
  1576 | D:3      | Found a blossoming altar of Fedhas.
  1690 | D:3      | Reached XP level 4. HP: 27/29 MP: 4/4
  2278 | D:3      | Reached XP level 5. HP: 33/33 MP: 5/5
  2495 | D:3      | Reached * piety under Qazlal
  2821 | D:4      | Got a dazzling trident
  2822 | D:4      | Identified the +5 trident "Z" {drain, Int+3 Dex+4} (You
                  | found it on level 4 of the Dungeon)
  2912 | D:4      | Reached skill level 1 in Polearms
  2912 | D:4      | Reached XP level 6. HP: 39/39 MP: 6/6
  2997 | D:4      | Noticed Grinder
  3158 | D:4      | Noticed Natasha
  3171 | D:4      | Killed Natasha
  3287 | D:4      | Paralysed by Grinder for 7 turns
  3306 | D:4      | Killed Grinder
  3306 | D:4      | Reached skill level 5 in Fighting
  3306 | D:4      | Reached skill level 5 in Armour
  3306 | D:4      | Reached skill level 5 in Shields
  3306 | D:4      | Reached XP level 7. HP: 37/44 MP: 7/7
  3466 | D:5      | Entered Level 5 of the Dungeon
  3551 | D:5      | Found a staircase to the Ecumenical Temple.
  3603 | Temple   | Entered the Ecumenical Temple
  4100 | D:5      | Reached XP level 8. HP: 48/51 MP: 8/8
  5037 | D:6      | Reached ** piety under Qazlal
  5052 | D:6      | Reached XP level 9. HP: 53/56 MP: 9/9
  5340 | D:6      | Found a glowing golden altar of the Shining One.
  5433 | D:6      | Found a sacrificial altar of Ru.
  5638 | D:7      | Found a shimmering blue altar of Sif Muna.
  5716 | D:7      | Noticed Dowan
  5717 | D:7      | Noticed Duvessa
  5859 | D:7      | Reached skill level 5 in Polearms
  5899 | D:7      | Killed Dowan
  5924 | D:7      | Killed Duvessa
  6381 | D:8      | Reached *** piety under Qazlal
  6565 | D:8      | Got a jewelled mace
  6566 | D:8      | Identified the +7 mace "Ywoezenysm" {chaos, *Drain Str-3
                  | Dex+8} (You found it on level 8 of the Dungeon)
  6918 | D:9      | Reached XP level 10. HP: 64/64 MP: 10/10
  6963 | D:9      | Found a staircase to the Lair.
  6987 | D:9      | Noticed Maggie
  6987 | D:9      | Paralysed by Maggie for 7 turns
  7002 | D:9      | Killed Maggie
  7009 | D:9      | Noticed Erolcha
  7671 | D:9      | Killed Erolcha
  7809 | Lair:1   | Entered Level 1 of the Lair of Beasts
  7811 | Lair:1   | Noticed an elephant
  7820 | Lair:1   | Killed an elephant
  7900 | Lair:1   | Reached XP level 11. HP: 68/71 MP: 11/11
  7936 | Lair:1   | Found a shimmering altar of Xom.
  8125 | Lair:1   | Reached skill level 10 in Fighting
  8125 | Lair:1   | Reached skill level 10 in Armour
  8125 | Lair:1   | Reached skill level 10 in Shields
  8511 | Lair:1   | Reached **** piety under Qazlal
  9051 | Lair:2   | Noticed Gastronok
  9101 | Lair:2   | Found a hole to the Spider Nest.
  9231 | Lair:2   | Identified the Reference Book on Harmful Transmutation
  9374 | Lair:2   | You fall into a shaft and drop 2 floors!
  9383 | Lair:4   | Noticed a four-headed hydra
  9413 | Lair:3   | Noticed an eight-headed hydra
  9447 | Lair:3   | Found an ornate altar of the Wu Jian Council.
  9525 | Lair:3   | Noticed an eight-headed hydra
  9617 | Lair:3   | Reached XP level 12. HP: 79/79 MP: 12/12
  9632 | Lair:3   | Killed an eight-headed hydra
  9634 | Lair:3   | Killed an eight-headed hydra
 10014 | Lair:2   | Killed Gastronok
 10292 | Lair:2   | Reached ***** piety under Qazlal
 10321 | Lair:2   | Reached XP level 13. HP: 81/86 MP: 13/13
 10360 | Lair:2   | Found the +10 tower shield of Ignorance {rN+ Int-4}
 10397 | Lair:2   | Got a steaming platinum ring
 10409 | Lair:2   | Identified the ring "Jeehen" {*Slow MR++ rCorr Int+2} (You
                  | found it on level 2 of the Lair of Beasts)
 11465 | Lair:4   | Reached skill level 10 in Polearms
 11730 | Lair:4   | Found a staircase to the Shoals.
 12190 | Lair:4   | Gained mutation: Your large and strong wings let you fly
                  | indefinitely. [Gargoyle growth]
 12190 | Lair:4   | Reached XP level 14. HP: 92/92 MP: 14/14
 12197 | Lair:5   | Noticed Snorg
 12234 | Lair:5   | Killed Snorg
 12245 | Lair:5   | Reached skill level 1 in Invocations
 12372 | Lair:5   | Found a staircase to the Slime Pits.
 12556 | Lair:5   | Identified the cursed +1 quick blade "Quapt" {vorpal,
                  | *Noise Dex+9 SInv}
 12564 | Lair:5   | Found a bloodstained altar of Trog.
 12564 | Lair:5   | Identified the cursed +0 trident of Suufag {antimagic,
                  | SInv}
 12570 | Lair:5   | Noticed Quroheng's ghost (journeyman VSWn)
 12577 | Lair:5   | Found a transporter.
 12580 | Lair:5   | Identified the ring "Xinusej" {MP-9 Str+5 Dex+6}
 12589 | Lair:5   | Found a transporter.
 13357 | Lair:6   | Entered Level 6 of the Lair of Beasts
 13425 | Lair:6   | Noticed an entropy weaver
 13535 | Lair:6   | Noticed an entropy weaver
 13943 | Lair:6   | Killed an entropy weaver
 14012 | Lair:6   | Killed an entropy weaver
 14129 | Lair:6   | Reached ****** piety under Qazlal
 14174 | Lair:6   | Reached XP level 15. HP: 99/99 MP: 18/18
 14479 | Lair:6   | Got a fine chain mail
 14860 | Slime:1  | Entered Level 1 of the Pits of Slime
 14863 | Slime:1  | Gained mutation: Your spells are a little easier to cast,
                  | but a little less powerful. [a shining eye]
 14864 | Slime:1  | Gained mutation: Potions are less effective at restoring
                  | your health. [a shining eye]
 14868 | Slime:1  | Gained mutation: You have a pair of small horns on your
                  | head. [a shining eye]
 14869 | Slime:1  | Gained mutation: You are clumsy. (Dex -2) [a shining eye]
 14870 | Slime:1  | Gained mutation: Your body sometimes deteriorates upon
                  | taking damage. [a shining eye]
 14871 | Slime:1  | Gained mutation: Your spells are easier to cast, but less
                  | powerful. [a shining eye]
 14874 | Slime:1  | Lost mutation: Your body sometimes deteriorates upon taking
                  | damage. [a shining eye]
 14979 | Slime:1  | Reached skill level 5 in Invocations
 14983 | Slime:1  | Gained mutation: Your flesh is cold resistant. (rC+) [a
                  | shining eye]
 14995 | Slime:1  | Gained mutation: You have sharp fingernails. [a shining
                  | eye]
 15000 | Slime:1  | Noticed an acid blob
 15133 | Shoals:1 | Entered Level 1 of the Shoals
 15500 | Shoals:1 | Noticed a kraken
 15525 | Shoals:1 | Killed a kraken
 15632 | Shoals:1 | Noticed a kraken
 15662 | Shoals:1 | Killed a kraken
 16197 | Shoals:2 | Reached XP level 16. HP: 71/107 MP: 21/21
 16788 | Spider:1 | Entered Level 1 of the Spider Nest
 16803 | Spider:1 | HP: 2/107 [redback (7)]
 16803 | Spider:1 | Mangled by a wolf spider

Illustrated notes

Levels and vault maps discovered:
D:1:      minmay_arrival_split_and_join, layout_rooms
D:2:      layout_loops_corners, first_ration
D:3:      layout_loops_ring, minmay_overflow_temple_star_quad, serial_glass,
          glass_columns_a, glass_columns_a, grunt_decor_fettered
D:4:      layout_basic, uniq_natasha, uniq_sigmund, uniq_grinder
D:5:      layout_basic, minmay_temple_entry_sparse_star
D:6:      layout_rooms, marbit_many_paths, nicolae_ru_path_of_blood
D:7:      layout_basic, basic_altar, uniq_duvessa
D:8:      layout_basic
D:9:      layout_loops_cross, grunt_lair_entry_orc_guard_hut, uniq_erolcha,
          uniq_maggie
Temple:   eino_narrow_crystal_temple
Lair:1:   wad_woods_stonehenge, layout_chaotic_city,
          nicolae_quartered_pool_medium
Lair:2:   regret_index_combs_of_tragedy, layout_regular_city,
          spider_nest_entry_web_field, lemuel_fruit_fields, uniq_gastronok
Lair:3:   layout_regular_city, basic_altar
Lair:4:   layout_misc_corridors, minmay_shoals_entry_lonely_mermaid,
          portal_ice_cave_entry_ice_beasts, serial_bayou_shore_a
Lair:5:   layout_roguey, nicolae_slime_entry_slimehenge,
          gammafunk_ghost_wrathful_warriors, serial_bayou_pond_d,
          grunt_forest_stairs_basic, lemuel_fruit_fields, uniq_snorg
Lair:6:   minmay_lair_end_frog_pond, layout_loops_ring, minmay_another_anthill
Shoals:1: layout_shoals
Shoals:2: layout_shoals
Spider:1: layout_spider_delve, spiders_nest_hornet_nest
Slime:1:  layout_caves

Skill      XL: |  1  2  3  4  5  6  7  8  9 10 11 12 13 14 15 |
---------------+----------------------------------------------+-----
Fighting       | 4 5 6 8 9 10 12 13 14 | 14.5
Armour         | 4 5 6 8 9 10 12 13 14 | 14.5
Shields        | 4 5 6 8 9 10 12 13 14 | 14.6
Maces & Flails | 3 |  3.1
Polearms       | 1 2 4 5 7 8 9 10 11 12 | 12.0
Invocations    | 4 7 |  7.4

Action                   |  1- 3 |  4- 6 |  7- 9 | 10-12 | 13-15 | 16-18 || total
-------------------------+-------+-------+-------+-------+-------+-------++-------
Melee: Flail             |   166 |   104 |       |       |       |       ||   270
       Trident           |       |    47 |   344 |   549 |   958 |    50 ||  1948
       Headbutt          |       |       |       |       |    86 |     4 ||    90
Throw: Stone             |    11 |    44 |    16 |    18 |     9 |     2 ||   100
Invok: Upheaval          |       |       |       |     2 |     1 |       ||     3
       Elemental Force   |       |       |       |       |       |     1 ||     1
 Abil: Fly               |       |       |       |       |     1 |       ||     1
       Stop Flying       |       |       |       |       |     1 |       ||     1
Evoke: Wand              |       |       |       |       |     1 |     1 ||     2
  Use: Potion            |     1 |       |       |       |     3 |     2 ||     6
       Scroll            |       |     6 |     8 |     1 |    10 |     1 ||    26
 Stab: Held in net/web   |       |       |       |     1 |       |       ||     1
  Eat: Chunk             |     3 |     3 |     9 |    10 |    21 |     1 ||    47
       Ration            |       |     1 |       |     1 |       |       ||     2
Armor: Scale mail        |   106 |    53 |    48 |    10 |       |       ||   217
       Steam dragon scal |       |       |       |    94 |   176 |    49 ||   319
Dodge: Dodged            |    29 |    46 |    90 |   174 |   127 |    15 ||   481
       Repelled          |       |       |       |       |     6 |       ||     6
Block: Kite shield       |    70 |    68 |   180 |   433 |    34 |       ||   785
       Tower shield      |       |       |       |       |  1312 |    89 ||  1401

Table legend:
 A = Non-vault XP
 B = Vault XP
 C = Vault XP percentage of total XP
 D = Non-vault monster count
 E = Vault monster count
 F = Vault count percentage of total count
                 A         B        C        D         E       F
            +---------+---------+-------+---------+---------+-------
      Total |   74148 |   32472 |  30.5 |     362 |     152 |  29.6
            +---------+---------+-------+---------+---------+-------
        D:1 |      28 |       0 |   0.0 |      16 |       0 |   0.0
        D:2 |      45 |       0 |   0.0 |      16 |       0 |   0.0
        D:3 |     205 |       0 |   0.0 |      31 |       0 |   0.0
        D:4 |     170 |     312 |  64.7 |      10 |       2 |  16.7
        D:5 |     817 |       0 |   0.0 |      17 |       0 |   0.0
        D:6 |     894 |     121 |  11.9 |      22 |       1 |   4.3
        D:7 |    1011 |     204 |  16.8 |      25 |       2 |   7.4
        D:8 |     644 |       0 |   0.0 |      16 |       0 |   0.0
        D:9 |    1176 |    2199 |  65.2 |      15 |       8 |  34.8
     Lair:1 |    4405 |    1800 |  29.0 |      23 |       7 |  23.3
     Lair:2 |    3293 |    8034 |  70.9 |      11 |      45 |  80.4
     Lair:3 |    9551 |       0 |   0.0 |      30 |       0 |   0.0
     Lair:4 |    3751 |    1494 |  28.5 |      13 |       9 |  40.9
     Lair:5 |    4836 |    4174 |  46.3 |      21 |      23 |  52.3
     Lair:6 |    4409 |   14134 |  76.2 |      14 |      55 |  79.7
   Shoals:1 |   22421 |       0 |   0.0 |      39 |       0 |   0.0
   Shoals:2 |   10999 |       0 |   0.0 |      27 |       0 |   0.0
   Spider:1 |    1229 |       0 |   0.0 |       4 |       0 |   0.0
    Slime:1 |    4264 |       0 |   0.0 |      12 |       0 |   0.0
            +---------+---------+-------+---------+---------+-------
